 Dungeon Crawl Stone Soup version 0.28.0-53-g5a82cb258f (webtiles) character file.

Game seed: 12305996617097428875

77 Gabide the Grave Robber (level 4, -3/33 HPs)
             Began as a Mummy Necromancer on June 2, 2022.
             Killed by divine providence
             ... invoked by an orc priest
              (15 damage)
             ... on level 2 of the Dungeon.
             The game lasted 00:02:51 (2312 turns).

Gabide the Grave Robber (Mummy Necromancer)         Turns: 2312, Time: 00:02:51

Health: -3/33      AC:  2    Str: 11    XL:     4   Next: 14%
Magic:  5/8        EV: 12    Int: 16    God:
Gold:   104        SH:  0    Dex: 12    Spells: 7/8 levels left

rFire   x . .      SeeInvis .     - Unarmed
rCold   + . .      Faith    .   (no shield)
rNeg    + + +      Spirit   .   a - +0 robe
rPois   ∞          Reflect  .   (no helmet)
rElec   .          Harm     .   (no cloak)
rCorr   .          Rampage  .   (no gloves)
Will    .....                   (no boots)
Stlth   ++........              (no amulet)
HPRegen 0.11/turn               (no ring)
MPRegen 0.11/turn               (no ring)

@: no status effects
A: cold resistance 1, negative energy resistance 3, torment resistance 2, heat
vulnerability 1, no potions
a: no special abilities


You were on level 2 of the Dungeon.
You visited 1 branch of the dungeon, and saw 3 of its levels.

You collected 104 gold pieces.

Inventory:

Missiles
 c - a throwing net
Armour
 a - a +0 robe (worn)
Wands
 f - a wand of digging (6)
Scrolls
 b - a scroll of identify {unknown}
 d - a scroll of immolation {unknown}
 e - a scroll of amnesia {unknown}
 g - a scroll of vulnerability {unknown}


   Skills:
 - Level 2.0 Fighting
 - Level 1.5 Dodging
 - Level 1.5 Stealth
 + Level 2.5 Unarmed Combat
 - Level 2.6 Spellcasting
 - Level 4.0 Necromancy


You had 7 spell levels left.
You knew the following spells:

 Your Spells              Type           Power      Damage    Failure   Level
a - Pain                  Necr           56%        1d6       3%          1

Your spell library contained the following spells:

 Spells                   Type           Power      Damage    Failure   Level
 Animate Skeleton         Necr           28%        N/A       3%          1
 Vampiric Draining        Necr           14%        2d7       11%         3
 Animate Dead             Necr           7%         N/A       36%         4
 Agony                    Necr           14%        N/A       71%         5


Dungeon Overview and Level Annotations

Branches:
Dungeon (3/15)

Altars:

Shops:
D:2 *(:=:


Innate Abilities, Weirdness & Mutations

You are immune to poison.
Your flesh is cold resistant. (rC+)
You are immune to negative energy. (rN+++)
You are immune to unholy pain and torment.
You are vulnerable to heat. (rF-)
You do not drink.


Message History

A kobold is nearby!
The kobold writhes in agony.
The kobold writhes in agony.
The kobold writhes in agony.
You kill the kobold!
You see here a +0 dagger.
Found a club.
You see here a +0 club.
Found a human corpse.
There is an entrance to Joaliv's General Store here.
You enter the shallow water.
Moving in this stuff is going to be slow.
Found a spear.
Found Plog's Weapon Shop.
You see here a human corpse.
There is an entrance to Plog's Weapon Shop here.
You open the door.
There is an open door here.
Done exploring.
Done exploring.
Done exploring.
There is an open door here.
There is a stone staircase leading down here.
Okay, then.
You climb downwards.
The orc priest shouts!
The orc shouts! x2
Found 9 gold pieces.
There is a stone staircase leading up here.
There are monsters nearby!
The orc hits you with a +0 hand axe. The orc priest misses you.
You climb upwards.
There is a stone staircase leading down here.
The orc priest struggles to resist.
The orc hits you with a +0 hand axe.
The orc priest hits you with a +0 flail!
The orc priest struggles to resist.
The orc misses you. The orc priest barely misses you.
The orc priest writhes in agony.
The orc hits you with a +0 hand axe.
The orc priest mumbles some strange prayers to Beogh against you.
Beogh smites you!
You die...

##'## #.#### #...... ##...##
#....# #.###.# ##.....## ####.#
#.# #.. # ##.......## ##.## #.#
##.
####.........####...#######.###..
...+.........'...................
####.........####...#######......
# ##.......######.## ######. #
##.....## #o@o.# ## # ##...##
#.#### # # ##'## #.# # # #.# #.#
# # #.# #.# ## # ##.## #.# #. #
##...## #.# #. ######.....# #.#
##. ..........## #.# #..


You could see an orc priest and an orc.

Vanquished Creatures
  Jessica (D:2)
  9 ball pythons
  4 endoplasms (D:1)
  A giant cockroach (D:2)
  4 hobgoblins
  8 jackals
  5 bats
  8 kobolds
  5 rats
45 creatures vanquished.

Vanquished Creatures (others)
  10 plants (D:2)
10 creatures vanquished.

Grand Total: 55 creatures vanquished

Notes
Turn   | Place    | Note
-------+----------+-------------------------------------------
     0 | D:1      | Gabide the Mummy Necromancer began the quest for the Orb.
     0 | D:1      | Reached XP level 1. HP: 13/13 MP: 4/4
    52 | D:1      | Reached skill level 1 in Fighting
   332 | D:1      | Reached XP level 2. HP: 22/22 MP: 2/5
   646 | D:1      | Reached skill level 1 in Unarmed Combat
   862 | D:1      | Reached XP level 3. HP: 27/27 MP: 7/7
  1407 | D:2      | Found Joaliv's General Store.
  1663 | D:2      | Found Bashro's Book Emporium.
  1769 | D:2      | Noticed Jessica
  1774 | D:2      | Killed Jessica
  1775 | D:2      | Reached XP level 4. HP: 23/33 MP: 2/8
  2066 | D:2      | Found Karrut's Book Shop.
  2074 | D:2      | Found Ukicwu's Jewellery Emporium.
  2196 | D:2      | Found Plog's Weapon Shop.
  2312 | D:2      | Killed from afar by an orc priest

Illustrated notes

Levels and vault maps discovered:
D:1:      minmay_arrival_five_plusses, layout_basic
D:2:      layout_loops_corners, serial_shops, nicolae_shop_crystal,
          nicolae_shop_waterfront, shop_statue, shop_statue,
          nicolae_shop_bloodbath_and_beyond, kennysheep_boxes, uniq_jessica
D:3:      layout_rooms, nicolae_overflow_hidden_temple,
          nicolae_ecumenical_lake_church

Skill      XL: |  1  2  3 |
---------------+----------+-----
Fighting       | 1 2 |  2.0
Unarmed Combat | 1 2 |  2.5
Dodging        | |  1.5
Stealth        | |  1.5
Spellcasting   | |  2.6
Necromancy     | |  4.0

Action                   |  1- 3 |  4- 6 || total
-------------------------+-------+-------++-------
Melee: Unarmed           |    49 |    12 ||    61
       Punch             |       |     1 ||     1
 Cast: Pain              |    70 |    16 ||    86
Armor: Robe              |    11 |     2 ||    13
Dodge: Dodged            |    43 |    17 ||    60
